Map: Galactic Process LE

Players

UNinstalll

  • Race: Terran Terran
  • League: Diamond

AVEX - Winner!

  • Race: Zerg Zerg
  • League: Diamond

VOD

Have the link to the VOD?

Description

Time

  • Played on: July 19, 2016, 2:21 p.m.
  • Length: 11:27
Show
View Real Time Build Order
Export as new Build Order

UNinstalll Terran 

Build Orders: MMM Bio 

Get SALT Encoding   

  12  0:07  SCV  
  13  0:20  SCV  
  14  0:23  Supply Depot  
  14  0:32  SCV  
  15  0:45  SCV  
  15  0:47  Barracks  
  17  0:57  SCV  
  17  0:59  Barracks  
  17  1:08  Supply Depot  
  17  1:09  SCV  
  18  1:21  SCV  
  19  1:35  Marine  
  19  1:37  Orbital Command  
  20  1:47  Marine  
  21  1:54  Marine  
  22  2:05  Command Center  
  22  2:08  Marine  
  22  2:13  Marine  
  22  2:14  SCV  
  25  2:18  Refinery  
  25  2:20  Refinery  
  25  2:27  Bunker  
  25  2:28  Marine  
  26  2:32  Marine  
  27  2:46  Marine  
  29  2:53  Barracks Reactor  
  28  2:58  Supply Depot  
  28  2:59  SCV  
  28  3:05  Barracks Tech Lab  
  29  3:11  SCV  
  30  3:13  Supply Depot  
  30  3:17  Orbital Command  
  30  3:21  Supply Depot  
  30  3:23  SCV  
  31  3:30  Marine  
  31  3:31  Marine  
  31  3:34  Stimpack, Marine  
  34  3:38  SCV  
  35  3:47  Factory  
  35  3:48  Marine  
  35  3:52  Bunker  
  35  3:55  SCV  
  37  3:57  SCV  
  37  4:00  Marine  
  39  4:05  Marine  
  39  4:07  Marine, SCV  
  39  4:09  SCV  
  43  4:17  Marine  
  43  4:19  SCV  
  43  4:21  SCV  
  46  4:26  Marauder  
  46  4:30  Factory Tech Lab  
  46  4:31  SCV  
  49  4:32  Starport  
  49  4:33  SCV  
  49  4:35  Marine  
  51  4:43  SCV  
  51  4:45  Marine  
  53  4:46  SCV  
  53  4:48  Siege Tank  
  57  4:55  SCV  
  57  4:57  Marine  
  57  4:58  SCV  
  60  5:01  Marine  
  60  5:06  Command Center  
  61  5:07  Marine  
  61  5:09  SCV  
  61  5:10  Medivac  
  61  5:11  SCV  
  66  5:16  Supply Depot  
  66  5:17  Marine  
  66  5:21  Marauder  
  69  5:24  Supply Depot  
  69  5:25  Marine  
  69  5:27  Supply Depot  
  70  5:31  Refinery  
  70  5:38  SCV, Siege Tank, Supply Depot  
  74  5:46  Marine, Combat Shields  
  75  5:53  Engineering Bay  
  75  5:58  Marine  
  75  6:00  Marine  
  75  6:03  SCV  
  78  6:07  Marine  
  78  6:08  Refinery  
  78  6:10  Siege Tank  
  78  6:11  Starport Reactor  
  82  6:12  Engineering Bay  
  82  6:15  Barracks  
  82  6:22  Orbital Command  
  82  6:25  Terran Infantry Weapons Level 1  
  82  6:31  Marine x2  
  84  6:33  Marine  
  84  6:39  Barracks  
  85  6:49  Marine  
  85  6:53  Marine  
  85  6:54  Marine  
  88  7:05  Orbital Command  
  88  7:07  Marine  
  77  7:11  Marine  
  77  7:12  Medivac, Marauder  
  77  7:13  Barracks Tech Lab, Siege Tank, Medivac  
  77  7:14  Terran Infantry Armor Level 1  
  84  7:24  Marine  
  84  7:26  Barracks  
  84  7:27  Barracks Tech Lab  
  84  7:28  Barracks  
  84  7:29  Marine  
  82  7:31  Supply Depot  
  82  7:32  Barracks  
  82  7:33  Marine  
  82  7:36  Marine  
  84  7:38  SCV  
  84  7:42  Marine, SCV  
  84  7:43  SCV  
  88  7:47  Marine  
  88  7:48  Marine  
  88  7:49  Medivac  
  88  7:50  Medivac  
  88  7:51  Marine, SCV  
  96  7:54  Marine  
  96  7:55  SCV  
  96  7:57  SCV  
  96  7:58  Barracks  
  99  8:03  SCV  
  100  8:08  Marine, SCV  
  100  8:09  SCV  
  100  8:12  Marine  
  104  8:15  SCV  
  104  8:16  Barracks  
  104  8:18  Barracks  
  106  8:21  Barracks  
  106  8:23  Medivac x2  
  106  8:26  Marine  
  113  8:31  Armory  
  113  8:33  Barracks Tech Lab  
  111  8:34  Barracks Tech Lab  
  111  8:36  Marine  
  111  8:40  Barracks Tech Lab  
  111  8:44  Marine  
  112  8:49  Marine x2  
  112  8:51  Marine  
  112  8:52  Marauder x2  
  112  8:54  Marine x2  
  121  9:01  Marine  
  121  9:02  Marine  
  123  9:03  Marine  
  123  9:06  Marine  
  123  9:09  Supply Depot  
  125  9:10  Supply Depot  
  125  9:11  Supply Depot  
  125  9:12  Marine x2, Supply Depot  
  125  9:13  Marauder x3  
  125  9:16  Barracks Tech Lab x2  
  133  9:27  Marine x4  
  133  9:28  Marine  
  127  9:34  Marine  
  127  9:35  Marine x3  
  116  9:46  Marine  
  116  9:48  Marine  
  116  9:49  Marine x2  
  118  9:53  Marine  
  110  10:00  Marine x2  
  110  10:01  Marine x2  
  110  10:04  Marine x2  
  110  10:06  Marine  
  110  10:07  Marine  
  113  10:18  Marine  
  78  10:22  Marine  
  57  10:51  Marine x2  
  57  10:52  Marine x3  
  62  11:03  Marine  
  62  11:04  Marine x2  
Show
View Real Time Build Order
Export as new Build Order

AVEX Zerg - Winner!

Build Orders: Hatch First 

Get SALT Encoding   

  12  0:01  Drone  
  13  0:12  Overlord  
  14  0:21  Drone  
  14  0:31  Drone x2  
  14  0:34  Drone  
  17  0:54  Hatchery  
  16  0:57  Drone  
  17  1:12  Spawning Pool  
  17  1:14  Drone  
  17  1:17  Drone  
  18  1:22  Extractor  
  17  1:28  Drone  
  18  1:33  Drone  
  19  1:53  Overlord  
  19  1:59  Zergling x2  
  19  2:00  Queen  
  22  2:05  Queen  
  22  2:07  Drone x2  
  26  2:13  Drone  
  27  2:22  Metabolic Boost  
  27  2:27  Zergling x4  
  29  2:31  Drone  
  30  2:44  Roach Warren  
  30  2:46  Drone x3  
  32  2:59  Pneumatized Carapace  
  32  3:04  Drone  
  32  3:05  Drone x2  
  35  3:14  Drone  
  35  3:16  Overlord  
  36  3:25  Hatchery  
  35  3:31  Drone  
  36  3:35  Drone x2  
  36  3:36  Drone x2  
  36  3:40  Overlord  
  40  3:50  Drone  
  40  3:51  Drone x3  
  44  3:58  Queen  
  44  4:00  Queen  
  48  4:04  Overlord  
  48  4:12  Drone  
  48  4:13  Drone x3  
  48  4:15  Extractor  
  48  4:16  Extractor  
  51  4:17  Drone x2  
  51  4:19  Extractor  
  51  4:23  Roach x2  
  55  4:25  Roach  
  57  4:42  Drone x2  
  57  4:43  Drone x2  
  63  4:45  Roach  
  63  4:46  Overlord, Roach  
  65  4:56  Overlord  
  65  4:57  Overlord  
  65  5:01  Lair  
  65  5:12  Evolution Chamber  
  65  5:13  Evolution Chamber  
  63  5:15  Overlord, Queen  
  63  5:16  Drone  
  63  5:17  Drone x5  
  71  5:30  Drone x8  
  71  5:33  Ravager x3  
  82  5:36  Roach  
  82  5:40  Zerg Missile Weapons Level 1  
  84  5:45  Zerg Ground Armor Level 1  
  84  5:54  Roach x3  
  84  5:56  Overlord x2  
  90  6:15  Spine Crawler, Roach x2  
  90  6:16  Roach x6  
  105  6:24  Overlord x2  
  105  6:34  Glial Reconstitution  
  105  6:45  Spore Crawler, Overseer  
  105  6:47  Roach x8  
  118  7:07  Roach x4  
  122  7:08  Overlord  
  122  7:09  Overlord x2  
  122  7:18  Overlord x4  
  122  7:31  Drone x3  
  122  7:32  Drone x5  
  130  7:42  Overlord x2  
  130  7:43  Overlord x2  
  130  7:54  Roach x7  
  130  7:55  Roach  
  146  8:00  Zerg Ground Armor Level 2, Zerg Missile Weapons Level 2  
  146  8:10  Extractor, Hatchery  
  146  8:11  Extractor  
  143  8:15  Extractor x2, Roach x7  
  155  8:29  Overlord  
  155  8:32  Roach  
  155  8:33  Ravager x6  
  163  8:34  Roach  
  163  8:35  Roach x2  
  163  8:38  Roach x2  
  163  8:41  Zergling x2  
  174  9:10  Roach  
  174  9:11  Roach x5  
  153  9:57  Lair  
  145  10:03  Roach  
  145  10:04  Roach x13  
  150  10:19  Roach x3  
  150  10:20  Roach x2  
  132  10:27  Ravager  
  112  10:33  Ravager  
  112  10:34  Ravager, Drone x2  
  112  10:35  Drone  
  94  10:41  Ravager x2  
  94  10:42  Ravager  
  97  10:43  Roach  
  99  10:54  Spawning Pool  
  97  10:58  Infestation Pit  
  97  11:04  Roach x6  
Tags
 
Add a new tag
Caveats
  • Supply blocks, unpowered buildings, or Contaminate may cause inaccurate times.
  • Supply counts are checked every 10 seconds.